 Dungeon Crawl Stone Soup version 0.16.1-51-g6203257 (webtiles) character file.

89749 Iskender the Ripper (level 15, -4/67 HPs)
             Began as a Felid Chaos Knight on July 15, 2015.
             Shot with an arrow by a centaur warrior (18 damage)
             ... on level 12 of the Dungeon on July 16, 2015.
             The game lasted 06:10:28 (35756 turns).

Iskender the Ripper (Felid Chaos Knight)           Turns: 35756, Time: 06:10:30

Health: -4/67      AC:  7    Str: 12    XL:     15   Next: 50%
Magic:  33/37      EV: 32    Int: 15    God:    Xom [.*....]
Gold:   2684       SH:  2    Dex: 23    Spells: 8 memorised, 8 levels left
                                        Lives:  0   Deaths: 4

rFire  + . .     SeeInvis +       - Unarmed
rCold  + . .     Clarity  +     (armour unavailable)
rNeg   . . .     SustAb   .     (shield unavailable)
rPois  .         Gourm    .     (helmet unavailable)
rElec  .         Spirit   .     (cloak unavailable)
rCorr  .         Warding  .     (gloves unavailable)
rMut   .         Stasis   +     (boots unavailable)
MR     +++..                    S - amulet of stasis
Stlth  ++++++++..               L - ring of wizardry
                                w - ring of Plog {Wiz rF+ MR+ Str+4}

@: quick, extremely resistant to hostile enchantments, extraordinarily stealthy
A: paw claws, no armour, no weapons or thrown items, antennae 1, fangs 3, large
bone plates 1, yellow scales 1, camouflage 1, see invisible, agile 1, breathe
flames 1, carnivore 3, clarity, speed 1, high mp 1, mutation resistance 1,
shaggy fur 3, slow metabolism 1, spit poison 2, wild magic 2, sharp paws
a: Spit Poison, Renounce Religion, Breathe Fire


You were on level 12 of the Dungeon.
You worshipped Xom.
You were a plaything of Xom.
You were very full.

You visited 4 branches of the dungeon, and saw 29 of its levels.
You also visited: Labyrinth and Ice Cave.

You collected 3438 gold pieces.
You spent 754 gold pieces at shops.

Inventory:

Jewellery
 f - the ring "Vuejioc" {Fire rElec}
   (Xom gifted it to you on level 4 of the Dungeon)

   [ring of fire]

   It enhances your fire magic, and weakens your ice magic.
   It protects you from fire.
   It makes you vulnerable to cold.
   It insulates you from electricity.
 g - an uncursed amulet of resist corrosion
 w - the ring of Plog (left paw) {Wiz rF+ MR+ Str+4}
   (You found it on level 2 of the Snake Pit)

   [ring of wizardry]

   It improves your spell success rate.
   It affects your strength (+4).
   It protects you from fire.
   It affects your resistance to hostile enchantments.
 x - an uncursed ring of sustain abilities
 C - an uncursed ring of protection from cold
 L - a ring of wizardry (right paw)
 S - an amulet of stasis (around neck)
Magical devices
 d - a wand of frost (20)
 h - a wand of digging (21)
 k - a wand of disintegration (7)
 m - a wand of enslavement (9)
 q - a wand of confusion (23)
 u - a wand of digging (7)
 y - a wand of cold (6)
 A - a wand of draining (6)
 F - a wand of fire (5)
 J - a wand of teleportation (4)
 K - a wand of hasting (4)
 T - a wand of draining (0)
 V - a wand of digging (7)
 W - a wand of confusion (12)
Scrolls
 a - 3 scrolls of fog
 e - 12 scrolls of remove curse
 j - 3 scrolls of blinking
 n - 4 scrolls of teleportation
 p - 6 scrolls of recharging
 D - a scroll of identify
 E - 4 scrolls of magic mapping
 I - 3 scrolls of fear
 X - a scroll of summoning
Potions
 b - a potion of cancellation
 o - 2 potions of heal wounds
 r - 5 potions of curing
 t - 2 potions of haste
 v - 3 potions of magic
 z - 2 potions of brilliance
 B - 2 potions of restore abilities
 H - a potion of resistance
 Q - 2 potions of might
 Y - 2 potions of invisibility
Books
 N - an Akashic Record {highlevel}

   Spells                             Type                      Level
   a - Dispersal                      Translocation                6
   b - Controlled Blink               Translocation                7
   c - Malign Gateway                 Summoning/Translocation      7
   d - Disjunction                    Translocation                8
   e - Singularity                    Translocation                9
 P - a book of Flames

   Spells                             Type                      Level
   a - Flame Tongue                   Conjuration/Fire             1
   b - Throw Flame                    Conjuration/Fire             2
   c - Conjure Flame                  Conjuration/Fire             3
   d - Inner Flame                    Hexes/Fire                   3
   e - Sticky Flame                   Conjuration/Fire             4
   f - Fireball                       Conjuration/Fire             5
Miscellaneous
 G - a sack of spiders
 O - a fan of gales (inert)
 R - a legendary deck of defence {the Shadow, drawn: 1}
 Z - an ornate deck of changes {Fortitude}
Comestibles
 c - 24 meat rations
 l - 6 beef jerkies
 s - 39 royal jellies
 M - 5 slices of pizza


   Skills:
 - Level 9.1 Fighting
 - Level 12.0 Dodging
 - Level 13.4 Stealth
 + Level 18.1 Unarmed Combat
 - Level 6.0 Spellcasting
 - Level 5.9 Conjurations
 - Level 5.2 Hexes
 - Level 2.6 Charms
 - Level 11.3 Translocations
 - Level 15.0 Evocations


You had 8 spell levels left.
You knew the following spells:

 Your Spells              Type           Power        Failure   Level  Hunger
a - Confuse               Hex            #####...     7%          3    ##.....
d - Conjure Flame         Conj/Fire      ####....     13%         3    ##.....
f - Flight                Chrm/Air       ###.......   21%         3    ##.....
g - Shroud of Golubria    Chrm/Tloc      ######....   2%          2    #......
i - Confusing Touch       Hex            #####.       4%          2    #......
r - Repel Missiles        Chrm/Air       ###...       12%         2    #......
v - Blink                 Tloc           N/A          1%          2    #......
A - Apportation           Tloc           ######....   1%          1    None


Dungeon Overview and Level Annotations

Branches:
Dungeon (12/15)            Temple (0/1) D:5            Lair (8/8) D:11
  Swamp (5/5) Lair:4        Snake (4/5) Lair:5        Slime (0/6) Lair:7
    Orc (0/4) D:11

Altars:
Dithmenos
Gozag
Okawaru
Qazlal
Sif Muna
Xom
Jiyva

Shops:
D:5 !   D:7 !}   D:12 }

Annotations:
Lair:7 1 runed door
Snake:2 exclusions: naga and naga sharpshooter, Vashnia


Innate Abilities, Weirdness & Mutations

You cannot wear armour.
You are incapable of wielding weapons or throwing items.
You have razor-sharp teeth.
You have supernaturally acute eyesight.
You are carnivorous and can eat meat at any time.
You cover ground quickly.
Your thick and shaggy fur keeps you warm (AC +3, rC+).
You have a slow metabolism.
Your paws have sharp claws that are effective at stabbing.
You have a pair of small antennae on your head.
You are partially covered in large bone plates (AC +2, SH +2).
You are partially covered in yellow scales (AC +2).
Your skin changes colour to match your surroundings (Stealth).
You are agile. (Dex +2)
You can breathe flames.
You possess an exceptional clarity of mind.
You have an increased reservoir of magic (+10% MP).
You are somewhat resistant to further mutation.
You can spit moderately strong poison.
Your spells are harder to cast, but more powerful.


Message History

The centaur warrior shoots an arrow.
The arrow is repelled.
You feel less protected from missiles.
The centaur warrior shoots an arrow.
The arrow hits you!!
* * * LOW HITPOINT WARNING * * *
You see here an arrow.
Drink which item? (? for menu, Esc to quit)
Okay, then.
Evoke which item? (* to show all) (? for menu, Esc to quit)
A mighty gale blasts forth from the fan!
The orc warrior and the centaur warrior are blown away by the wind.
The winds coalesce and take form.
The centaur warrior shoots an arrow.
The arrow hits you.
* * * LOW HITPOINT WARNING * * *
The centaur warrior shoots an arrow.
The arrow completely misses you.
The centaur warrior shoots an arrow.
The arrow hits you!!
You die...
Xom is highly amused!

..#((#[[.[[#))..)#####....≈≈..#
..#((###'#####'###((####...≈..#
..#..'.........E.#((# .##.....#
..#((#.##.....##.'..# '###....#
.##((#.###...###.#((#....##...#
.#####..##...##..####.....##..#
.#.)#8.........((8#co.E....##.#
.').)).....(.....()c....._..#.#
.#.)#8.........(@8#........##.#
.#####..##...##..####.....##..#
.##((#.###...###.#..#....##...#
..#((#.##.....##.').# '###....#
..#..'.........E.#..# .##.....#
..#((###'#####'###..####...≈..#
..#((#)).))#[[.[[#####....≈≈..#
..####)).))#[[..[###.....≈≈≈..#
....##############......≈≈≈≈..#


You could see 2 centaur warriors, an orc warrior (frenzied) and 3 friendly air
elementals.

Vanquished Creatures
  A thorn hunter (Swamp:5)
  Frances (Snake:1)
  A frost giant (IceCv)
  A fire dragon (D:11)
  A minotaur (Lab)
  12 hydras
  Harold (Lair:4)
  4 naga warriors
  2 ghost crabs
  2 catoblepae
  5 anacondas
  Erica (D:12)
  10 death yaks
  4 naga sharpshooters
  2 shock serpents
  5 alligators
  Nergalle (Lair:4)
  2 salamander mystics (Snake:4)
  8 swamp dragons
  An ice statue (IceCv)
  A hill giant (D:12)
  Pikel (D:4)
  3 naga ritualists
  4 mana vipers
  3 orc knights
  5 ugly things
  A hornet (Swamp:2)
  3 griffons
  2 manticores (Lair:8)
  8 salamanders
  18 elephants
  3 gargoyles (Lab)
  3 guardian serpents
  4 naga magi
  A queen ant (Lair:2)
  23 black mambas
  10 spiny frogs
  A yaktaur (shapeshifter) (D:10)
  15 komodo dragons
  2 fire drakes (Lair:8)
  A queen bee (D:9)
  Sonja (Snake:1)
  2 giant leeches
  A raiju (Lair:8)
  23 polar bears
  A baby alligator (Lair:4)
  4 trolls
  25 blink frogs
  4 bog bodies
  4 slime creatures
  2 basilisks (Lair:8)
  6 ravens (Swamp:1)
  A redback (Swamp:1)
  2 spriggans
  A shadow (Swamp:2)
  4 wyverns (Lair:7)
  8 hippogriffs
  A golden eye (IceCv)
  37 yaks
  2 deep elf magi (D:12)
  8 vampire mosquitoes
  22 nagas
  5 deep elf fighters (D:12)
  2 hungry ghosts
  A spatial vortex (Snake:4)
  6 wargs (Lair:8)
  32 wolves
  12 insubstantial wisps
  8 swamp worms
  32 water moccasins
  12 soldier ants (Lair:2)
  3 sky beasts
  4 ice beasts
  3 hell hounds (Lair:8)
  13 black bears
  12 swamp drakes
  A wasp (Swamp:1)
  9 porcupines
  8 orc warriors
  4 phantoms
  The ghost of Teril the Insei, an average DrTm (D:5)
  2 centaurs
  3 necrophages (D:10)
  7 ogres
  Sigmund (D:2)
  6 big kobolds
  12 crocodiles
  12 giant frogs
  3 wyvern zombies
  A gnoll sergeant (D:6)
  A wyvern skeleton (D:8)
  25 killer bees
  4 wights
  22 hounds
  8 crimson imps
  3 orc priests
  A giant frog zombie (D:10)
  2 centaur skeletons
  An iron imp (Snake:3)
  An electric eel (Lair:2)
  3 jellies
  13 orc wizards
  A centaur zombie (D:9)
  32 worker ants
  3 quasits
  6 giant frog skeletons
  5 iguanas
  27 sheep
  3 hound skeletons
  9 gnolls
  25 adders
  25 river rats
  5 shadow imps
  4 white imps
  A giant mite (D:3)
  2 worms (D:2)
  An ufetubus (IceCv)
  An adder skeleton (D:4)
  7 giant geckos
  3 oozes
  34 orcs
  3 bat skeletons
  17 goblins
  9 hobgoblins
  13 jackals
  25 kobolds
  8 quokkas
  3 ball pythons
  24 bats
  6 giant cockroaches
  4 giant newts
  2 giant spores
  A quokka skeleton (D:5)
  A quokka zombie (D:7)
  10 rats
  6 ballistomycetes
  2 plants (Lair:8)
963 creatures vanquished.

Vanquished Creatures (collateral kills)
  A greater naga (Snake:3)
  Snorg (Lair:7)
  A hydra (Lair:8)
  4 spriggans (Swamp:1)
  A salamander mystic (Snake:4)
  A naga ritualist (Snake:3)
  An orb spider (Swamp:5)
  2 black mambas
  A salamander (Snake:3)
  2 spiny frogs (Swamp:1)
  2 naga magi
  A gargoyle (Lab)
  A polar bear (IceCv)
  2 raiju (Lair:8)
  A giant leech (Swamp:1)
  2 bog bodies
  A trapdoor spider (Swamp:5)
  5 yaks
  A hippogriff (Lair:8)
  6 swamp worms
  3 vampire mosquitoes (Swamp:3)
  2 insubstantial wisps (Swamp:4)
  2 wolves
  A soldier ant (Lair:2)
  A swamp drake (Snake:2)
  A naga (Snake:3)
  A warg (Lair:8)
  A water moccasin (Snake:4)
  4 wasps (Swamp:1)
  A black bear (Lair:8)
  A giant frog (Lair:7)
  A killer bee (D:9)
  2 hounds (Lair:8)
  6 worker ants (Lair:2)
  A river rat (Lair:7)
  An orc (D:11)
  A fungus (Lair:8)
67 creatures vanquished.

Vanquished Creatures (others)
  An orb spider (Swamp:5)
  A spiny frog (Lair:7)
  4 jumping spiders
  A polar bear (IceCv)
  6 trapdoor spiders
  6 yaks (IceCv)
  9 redbacks
  A neqoxec (Lair:2)
  A wolf (IceCv)
  A warg (Lair:7)
  A soldier ant (Lair:2)
  A slave (D:4)
  An eye of draining (IceCv)
  A killer bee (D:8)
  7 crimson imps
  5 iron imps
  4 quasits
  2 worker ants (Lair:2)
  9 shadow imps
  6 ufetubi
  4 white imps
  A butterfly (Lair:7)
  15 fungi
  13 plants
101 creatures vanquished.

Grand Total: 1131 creatures vanquished

Notes
Turn   | Place    | Note
--------------------------------------------------------------
     0 | D:1      | Iskender, the Felid Chaos Knight, began the quest for the Orb.
     0 | D:1      | Reached XP level 1. HP: 10/10 MP: 2/2
    38 | D:1      | XOM: butterfly on damage
    40 | D:1      | Reached skill level 1 in Stealth
   230 | D:1      | XOM: butterfly on damage
   235 | D:1      | Reached XP level 2. HP: 9/14 MP: 3/3
   352 | D:1      | XOM: harmless Tloc miscast
   406 | D:1      | XOM: divination: detect creatures
   908 | D:2      | Reached skill level 4 in Stealth
   908 | D:2      | Reached XP level 3. HP: 17/17 MP: 5/5
  1185 | D:2      | XOM: harmless Erth miscast
  1266 | D:2      | Noticed Sigmund
  1478 | D:2      | Reached XP level 4. HP: 21/21 MP: 7/7
  2042 | D:3      | Reached skill level 5 in Stealth
  2283 | D:3      | XOM: silly message
  2398 | D:4      | XOM: god gift: warped pewter ring {god gift}
  2399 | D:4      | Got a warped pewter ring {god gift}
  2409 | D:4      | XOM: snakes to sticks
  2461 | D:3      | Identified the ring "Vuejioc" {Fire rElec} (Xom gifted it to you on level 4 of the Dungeon)
  2513 | D:4      | Noticed a slave
  2513 | D:4      | Noticed a slave
  2561 | D:4      | Reached XP level 5. HP: 22/24 MP: 8/8
  2604 | D:4      | XOM is BORED!
  2604 | D:4      | XOM: give mutations
  2604 | D:4      | Gained mutation: You are frail (-10% HP). [Xom's mischief]
  2604 | D:4      | Gained mutation: You are weak. (Str -2) [Xom's mischief]
  2604 | D:4      | Gained mutation: Your body is slowly deteriorating. [Xom's mischief]
  2744 | D:4      | XOM: 6-stop teleportation journey
  2747 | D:4      | XOM: confuse monster(s)
  2759 | D:4      | Found a stormy altar of Qazlal.
  2759 | D:4      | Noticed an air elemental
  2761 | D:4      | Noticed a fire elemental
  2761 | D:4      | Noticed a water elemental
  2764 | D:4      | Reached skill level 5 in Unarmed Combat
  2953 | D:4      | Learned a level 2 spell: Confusing Touch
  2982 | D:4      | Reached skill level 1 in Hexes
  2982 | D:4      | Gained mutation: You are covered in thick fur (AC +2). [growing up]
  2982 | D:4      | Reached XP level 6. HP: 19/25 MP: 10/10
  3086 | D:3      | XOM: give mutations
  3086 | D:3      | Lost mutation: You are weak. (Str -2) [Xom's grace]
  3086 | D:3      | Gained mutation: You are partially covered in large bone plates (AC +2, SH +2). [Xom's grace]
  3086 | D:3      | Gained mutation: Your mind is acute. (Int +2) [Xom's grace]
  3279 | D:4      | Reached skill level 1 in Evocations
  3370 | D:3      | XOM: vitrification
  3571 | D:4      | Noticed Pikel
  3583 | D:4      | Noticed a slave
  3586 | D:4      | Noticed a slave
  3592 | D:4      | Killed Pikel
  3592 | D:4      | Reached skill level 7 in Unarmed Combat
  3592 | D:4      | Reached XP level 7. HP: 20/27 MP: 13/13
  3606 | D:4      | Killed a freed slave
  3832 | D:2      | Killed Sigmund
  3913 | D:5      | Entered Level 5 of the Dungeon
  4186 | D:5      | Reached skill level 5 in Dodging
  4257 | D:5      | Learned a level 3 spell: Confuse
  4290 | D:5      | XOM: god gift: 16 stones
  4405 | D:5      | Noticed Teril's ghost (average DrTm)
  4463 | D:5      | Found Arashrouho's Distillery.
  4469 | D:5      | XOM: divination: detect items
  4470 | D:5      | XOM: polymorph centaur -> ooze
  4505 | D:5      | Bought a potion of curing for 42 gold pieces
  4517 | D:5      | Reached XP level 8. HP: 25/30 MP: 16/16
  4554 | D:5      | Found an opulent altar of Gozag.
  4740 | D:5      | XOM: butterfly on damage
  5135 | D:6      | XOM: blink monster(s)
  5144 | D:6      | Reached skill level 8 in Unarmed Combat
  5270 | D:6      | XOM: give mutations
  5270 | D:6      | Gained mutation: You possess an exceptional clarity of mind. [Xom's grace]
  5270 | D:6      | Gained mutation: You are partially covered in yellow scales (AC +2). [Xom's grace]
  5270 | D:6      | Gained mutation: Your thick and shaggy fur keeps you warm (AC +3, rC+). [Xom's grace]
  5270 | D:6      | Gained mutation: You can spit poison. [Xom's grace]
  5391 | D:6      | Reached skill level 5 in Hexes
  5475 | D:6      | XOM: confuse monster(s)
  5588 | D:6      | XOM: potion effect (curing)
  5734 | D:6      | XOM: scenery: create altars
  5790 | D:6      | XOM: fog
  5799 | D:6      | XOM: smoke on damage
  5800 | D:6      | XOM: fake destruction
  5802 | D:6      | Reached skill level 5 in Evocations
  5896 | D:5      | XOM: give mutation
  5896 | D:5      | Gained mutation: Your flesh is heat resistant. [Xom's grace]
  5955 | D:5      | XOM: vitrification
  6082 | D:6      | XOM: give mutations
  6082 | D:6      | Gained mutation: Your spells are a little harder to cast, but a little more powerful. [Xom's grace]
  6082 | D:6      | Gained mutation: You are partially covered in icy blue scales (AC +1). [Xom's grace]
  6082 | D:6      | Gained mutation: You can breathe flames. [Xom's grace]
  6194 | D:7      | XOM: swap monsters
  6228 | D:7      | Found Kheat's Gadget Shop.
  6242 | D:7      | XOM: summons 8 friendly demons
  6301 | D:7      | XOM is BORED!
  6301 | D:7      | XOM: give mutations
  6301 | D:7      | Lost mutation: You can breathe flames. [Xom's mischief]
  6301 | D:7      | Lost mutation: Your mind is acute. (Int +2) [Xom's mischief]
  6529 | D:7      | Found Kaasudauji's Distillery.
  6650 | D:7      | XOM: give mutations
  6650 | D:7      | Gained mutation: You can breathe flames. [Xom's grace]
  6650 | D:7      | Gained mutation: Your muscles are strong. (Str +2) [Xom's grace]
  6761 | D:7      | XOM: vitrification
  6803 | D:7      | XOM: god gift: gnarled glowing rod {god gift}
  6991 | D:7      | XOM: potion effect (might)
  7004 | D:7      | Reached XP level 9. HP: 26/33 MP: 6/21
  7113 | D:8      | XOM: god gift: dagger {god gift}
  7261 | D:7      | Learned a level 2 spell: Blink
  7263 | D:7      | Learned a level 1 spell: Apportation
  7324 | D:6      | XOM: silly message
  7366 | D:6      | XOM: chaos cloud
  7380 | D:6      | Reached skill level 1 in Spellcasting
  7384 | D:6      | Learned a level 2 spell: Shroud of Golubria
  7441 | D:5      | XOM: butterfly on damage
  7516 | D:5      | XOM: noise
  7553 | D:5      | Reached skill level 1 in Charms
  7647 | D:5      | Found a staircase to the Ecumenical Temple.
  7654 | D:5      | XOM: give mutations
  7654 | D:5      | Lost mutation: Your body is slowly deteriorating. [Xom's mischief]
  7654 | D:5      | Lost mutation: You can breathe flames. [Xom's mischief]
  7664 | D:5      | XOM: polymorph ogre -> black bear
  7747 | D:5      | Killed Teril's ghost
  7795 | D:5      | XOM: colour smoke trail
  7937 | D:6      | XOM: give mutation
  7937 | D:6      | Lost mutation: You are frail (-10% HP). [Xom's mischief]
  7997 | D:8      | XOM: blink monster(s)
  8218 | D:8      | XOM: butterfly on damage
  8221 | D:8      | XOM: medium Fire miscast
  8547 | D:8      | XOM: enchant monster (bad)
  8586 | D:8      | Reached skill level 9 in Unarmed Combat
  8610 | D:8      | XOM: medium Fire miscast
  8620 | D:8      | Learned a level 2 spell: Repel Missiles
  8636 | D:8      | XOM: noise
  8638 | D:8      | XOM: medium Chrm miscast
  8682 | D:8      | You fall through a shaft!
  9125 | D:9      | XOM: mild Conj miscast
  9234 | D:9      | XOM: harmless Hex miscast
  9260 | D:9      | XOM: blink monster(s)
  9267 | D:9      | Reached XP level 10. HP: 12/42 MP: 14/24
  9278 | D:9      | Learned a level 3 spell: Conjure Flame
  9280 | D:9      | XOM: fog
  9290 | D:9      | Reached skill level 1 in Conjurations
  9386 | D:9      | XOM: blink monster(s)
  9393 | D:9      | XOM: draining
  9403 | D:9      | XOM: stat loss: -1 Int (14/14)
  9408 | D:9      | XOM: enchant monster (bad)
  9420 | D:9      | Xom revived you
  9421 | D:9      | XOM: enchant monster (bad)
  9468 | D:9      | XOM: divination: magic mapping
  9650 | D:9      | XOM: mild Fire miscast
  9953 | D:9      | Reached skill level 10 in Unarmed Combat
 10029 | D:9      | XOM: confuse monster(s)
 10073 | D:9      | Found an iron altar of Okawaru.
 10218 | D:9      | XOM: potion effect (brilliance)
 10275 | D:9      | Found a deep blue altar of Sif Muna.
 10326 | D:10     | Entered Level 10 of the Dungeon
 10330 | D:10     | Noticed a green ugly thing
 10513 | D:10     | XOM: cast spell 'Spider Form'
 10531 | D:10     | XOM: enchant monster (good)
 10587 | D:10     | XOM: potion effect (agility)
 10617 | D:9      | XOM: god gift: glass wand {god gift}
 10783 | D:10     | Noticed a fire crab
 10788 | D:10     | XOM: blink monster(s)
 10789 | D:10     | XOM: mild Trmt miscast
 10806 | D:10     | XOM: blink monster(s)
 10820 | D:10     | XOM: give mutations
 10820 | D:10     | Gained mutation: You are dopey. (Int -2) [Xom's mischief]
 10820 | D:10     | Gained mutation: You are clumsy. (Dex -2) [Xom's mischief]
 10820 | D:10     | Lost mutation: You are dopey. (Int -2) [Xom's mischief]
 10838 | D:10     | XOM: blink monster(s)
 10997 | D:9      | XOM: summons 5 hostile shadow creatures
 11058 | D:10     | XOM: noise
 11059 | D:10     | XOM: 4-stop teleportation journey
 11145 | D:10     | Reached skill level 10 in Dodging
 11157 | D:10     | XOM: silly message
 11242 | D:10     | XOM: 3-stop teleportation journey
 11274 | D:10     | XOM: summons friendly crimson imp
 11372 | D:10     | XOM: vitrification
 11395 | D:10     | a fire crab changed into a jumping spider
 11408 | D:10     | XOM: summons 3 friendly demons
 11551 | D:10     | XOM: polymorph gnoll -> giant gecko
 11565 | D:10     | Reached XP level 11. HP: 35/45 MP: 20/25
 11625 | D:10     | XOM: fake destruction
 11633 | D:10     | XOM: swap monsters
 11643 | D:10     | XOM: 5-stop teleportation journey
 11788 | D:10     | Killed a green ugly thing
 11918 | D:11     | XOM: vitrification
 11979 | D:11     | Noticed a fire dragon
 11979 | D:11     | a brown ugly thing changed into a fire dragon
 11979 | D:11     | XOM: polymorph brown ugly thing -> fire dragon
 11984 | D:11     | XOM: divine lightning (protected)
 12010 | D:11     | Found a frozen archway.
 12062 | D:11     | XOM: silly message
 12192 | IceCv    | Entered an ice cave
 12193 | IceCv    | XOM: torment (21/46 hp)
 12202 | IceCv    | Reached skill level 5 in Fighting
 12205 | IceCv    | XOM: noise
 12259 | IceCv    | XOM: mild Summ miscast
 12418 | IceCv    | Noticed an ice statue
 12423 | IceCv    | XOM: summons friendly quasit
 12439 | IceCv    | XOM: polymorph quasit -> crimson imp
 12441 | IceCv    | Killed an ice statue
 12606 | IceCv    | XOM: fake destruction
 12611 | IceCv    | XOM: summons friendly ufetubus
 12619 | IceCv    | XOM: polymorph yak -> golden eye
 12623 | IceCv    | XOM: give mutations
 12623 | IceCv    | Gained mutation: Your mind is acute. (Int +2) [Xom's grace]
 12623 | IceCv    | Gained mutation: Your system is resistant to poisons. [Xom's grace]
 12623 | IceCv    | Gained mutation: You can breathe flames. [Xom's grace]
 12623 | IceCv    | Gained mutation: Your skin changes colour to match your surroundings (Stealth). [Xom's grace]
 12663 | IceCv    | XOM: god gift: short smoking staff {god gift}
 12828 | IceCv    | XOM: divination: detect items
 12829 | IceCv    | XOM: fog
 12833 | IceCv    | XOM: smoke on damage
 12838 | IceCv    | XOM: summons 4 friendly demons
 12878 | IceCv    | XOM: fog
 12979 | IceCv    | XOM: god gift: 510 gold pieces
 13068 | IceCv    | Reached skill level 11 in Unarmed Combat
 13109 | IceCv    | Learned a level 3 spell: Flight
 13131 | IceCv    | XOM: summons friendly quasit
 13188 | IceCv    | XOM: summons 5 friendly demons
 13205 | IceCv    | XOM: butterfly on damage
 13205 | IceCv    | XOM: smoke on damage
 13496 | IceCv    | Noticed a death yak
 13503 | IceCv    | XOM: divination: detect items
 13504 | IceCv    | XOM: divine lightning
 13504 | IceCv    | Mangled by a death yak
 13505 | IceCv    | Reached XP level 10. HP: -11/47 MP: 15/24
 13507 | IceCv    | Killed a death yak
 13532 | IceCv    | XOM: enchant monster (good)
 13533 | IceCv    | Reached skill level 12 in Unarmed Combat
 13570 | IceCv    | Reached XP level 11. HP: 38/50 MP: 11/25
 13633 | IceCv    | XOM: mild Necr miscast
 13669 | IceCv    | Noticed a frost giant
 13670 | IceCv    | Noticed a death yak
 13688 | IceCv    | XOM: cast spell 'Statue Form'
 13692 | IceCv    | Killed a death yak
 13710 | IceCv    | XOM: summons friendly crimson imp
 13712 | IceCv    | XOM: polymorph crimson imp -> iron imp
 13726 | IceCv    | XOM: polymorph polar bear -> eye of draining
 13749 | IceCv    | XOM: summons friendly shadow imp
 13761 | IceCv    | Killed a frost giant
 13761 | IceCv    | Reached skill level 13 in Unarmed Combat
 13893 | IceCv    | XOM: harmless Ice miscast
 13982 | D:11     | Found a staircase to the Orcish Mines.
 14076 | D:11     | XOM: summons friendly iron imp
 14077 | D:11     | XOM: mild Fire miscast
 14082 | D:11     | XOM: silly message
 14106 | D:11     | Noticed a six-headed hydra
 14112 | D:11     | Slain by a wyvern zombie
 14113 | D:11     | Reached XP level 10. HP: -1/47 MP: 16/24
 14295 | D:11     | XOM: cast spell 'Summon Ice Beast'
 14427 | D:11     | XOM: summons 7 friendly demons
 14494 | D:11     | Found a staircase to the Lair.
 14602 | Lair:1   | Entered Level 1 of the Lair of Beasts
 14710 | Lair:1   | XOM: harmless Conj miscast
 15024 | Lair:1   | Noticed a black mamba
 15032 | Lair:1   | XOM: confuse monster(s)
 15041 | Lair:1   | XOM: mild Hex miscast
 15044 | Lair:1   | XOM: cast spell 'Statue Form'
 15047 | Lair:1   | Killed a black mamba
 15149 | Lair:1   | XOM: god gift: 15 steel bolts
 15169 | Lair:1   | Reached skill level 14 in Unarmed Combat
 15297 | D:7      | Reached XP level 11. HP: 50/50 MP: 25/25
 15312 | D:7      | Bought a potion of beneficial mutation for 420 gold pieces
 15312 | D:7      | Gained mutation: You have an increased reservoir of magic (+10% MP). [potion of beneficial mutation]
 15313 | D:7      | Bought a potion of poison for 12 gold pieces
 15990 | Lair:2   | Found a labyrinth entrance.
 16018 | Lab      | Entered a labyrinth
 16094 | Lab      | XOM: harmless Erth miscast
 16316 | Lab      | XOM: summons friendly quasit
 16348 | Lab      | XOM: enchant monster (good)
 16375 | Lab      | Noticed a minotaur
 16379 | Lab      | XOM: potion effect (berserk rage)
 16396 | Lab      | Killed a minotaur
 16615 | Lair:2   | XOM: destruction
 16623 | Lair:2   | XOM: confuse monster(s)
 16633 | Lair:2   | XOM: summons friendly quasit
 16643 | Lair:2   | XOM: confuse monster(s)
 16645 | Lair:2   | XOM: noise
 16668 | Lair:2   | XOM: summons 1 hostile demon
 16685 | Lair:2   | XOM: harmless Erth miscast
 16687 | Lair:2   | XOM: potion effect (curing)
 16689 | Lair:2   | XOM: 1-stop teleportation journey
 16737 | Lair:2   | Noticed a four-headed hydra
 16737 | Lair:2   | XOM: confuse monster(s)
 16742 | Lair:2   | Reached skill level 15 in Unarmed Combat
 16761 | Lair:2   | XOM: harmless Hex miscast
 16809 | Lair:2   | XOM: potion effect (brilliance)
 16830 | Lair:2   | Killed a four-headed hydra
 16880 | Lair:2   | XOM: silly message
 17025 | Lair:2   | XOM: harmless Hex miscast
 17026 | Lair:2   | XOM: potion effect (berserk rage)
 17083 | Lair:2   | XOM: mild Pois miscast
 17111 | Lair:2   | XOM: potion effect (might)
 17200 | Lair:2   | XOM: destruction
 17211 | Lair:2   | XOM: summons friendly neqoxec
 17219 | Lair:2   | XOM: confuse monster(s)
 17409 | Lair:2   | XOM: summons friendly quasit
 17427 | Lair:2   | XOM: enchant monster (good)
 17446 | Lair:2   | XOM: god gift: thin fluorescent amulet {god gift}
 17451 | Lair:2   | XOM: smoke on damage
 17453 | Lair:2   | Mutation became permanent: Your thick and shaggy fur keeps you warm (AC +3, rC+). [growing up]
 17453 | Lair:2   | Reached XP level 12. HP: 28/54 MP: 22/28
 17482 | Lair:2   | XOM: fake destruction
 17802 | Lair:3   | Reached skill level 16 in Unarmed Combat
 17810 | Lair:3   | XOM: potion effect (curing)
 17944 | Lair:3   | XOM: noise
 18012 | Lair:3   | XOM: divination: detect creatures
 18017 | Lair:3   | XOM: cast spell 'Cause Fear'
 18024 | Lair:3   | XOM: confuse monster(s)
 18047 | Lair:3   | XOM: potion effect (brilliance)
 18094 | Lair:3   | XOM: potion effect (might)
 18420 | Lair:3   | XOM: cast spell 'Spider Form'
 18529 | Lair:4   | Gained mutation: You have a pair of small horns on your head. [potion of beneficial mutation]
 18572 | Lair:4   | XOM: enchant monster (good)
 18581 | Lair:4   | XOM: enchant monster (good)
 18582 | Lair:4   | XOM: noise
 18599 | Lair:4   | XOM: chaos cloud
 18600 | Lair:4   | XOM: medium Divn miscast
 18605 | Lair:4   | Noticed an azure jelly
 18605 | Lair:4   | a death yak changed into an azure jelly
 18605 | Lair:4   | XOM: polymorph death yak -> azure jelly
 18611 | Lair:4   | XOM: medium Necr miscast
 18614 | Lair:4   | Slain by an azure jelly
 18615 | Lair:4   | Reached XP level 11. HP: 0/50 MP: 19/27
 18623 | Lair:4   | XOM: potion effect (berserk rage)
 18735 | Lair:4   | XOM: silly message
 18878 | Lair:4   | Noticed Nergalle
 18964 | Lair:4   | XOM: harmless Summ miscast
 19142 | Lair:4   | XOM: divination: detect creatures
 19277 | Lair:4   | Found a staircase to the Swamp.
 19280 | Lair:4   | Noticed Harold
 19300 | Lair:4   | XOM: summons friendly quasit
 19312 | Lair:4   | Killed Harold
 19312 | Lair:4   | Reached skill level 10 in Stealth
 19312 | Lair:4   | XOM: cast spell 'Cause Fear'
 19316 | Lair:4   | XOM: confuse monster(s)
 19650 | Lair:4   | XOM: harmless Air miscast
 19656 | Lair:4   | XOM: mild Ice miscast
 19700 | Lair:4   | XOM: harmless Air miscast
 19708 | Lair:4   | XOM: confuse monster(s)
 19714 | Lair:4   | XOM: enchant monster (bad)
 19720 | Lair:4   | XOM: harmless Necr miscast
 19723 | Lair:4   | XOM: scenery: create altars
 19724 | Lair:4   | XOM: god gift: 22 gold pieces
 19793 | Lair:4   | XOM: summons 4 friendly demons
 19805 | Lair:4   | XOM: confuse monster(s)
 19997 | Lair:4   | XOM: confuse monster(s)
 20003 | Lair:4   | Reached XP level 12. HP: 41/54 MP: 20/28
 20322 | Lair:5   | XOM: divination: detect creatures
 20340 | Lair:5   | XOM: enchant monster (good)
 20348 | Lair:5   | XOM: divination: detect creatures
 20376 | Lair:4   | XOM: summons friendly crimson imp
 20385 | Lair:4   | XOM: harmless Erth miscast
 20438 | Lair:5   | Noticed a seven-headed hydra
 20578 | Lair:5   | XOM: noise
 20647 | Lair:5   | XOM: confuse monster(s)
 20738 | Lair:5   | XOM: butterfly on damage
 20823 | Lair:5   | XOM: give mutations
 20823 | Lair:5   | Gained mutation: You have a pair of horns on your head. [Xom's grace]
 20823 | Lair:5   | Gained mutation: You can breathe fire. [Xom's grace]
 20914 | Lair:5   | Found a staircase to the Snake Pit.
 20918 | Lair:5   | Killed a seven-headed hydra
 20945 | Lair:5   | XOM: give mutations
 20945 | Lair:5   | Lost mutation: You have a pair of horns on your head. [Xom's mischief]
 20945 | Lair:5   | Lost mutation: You can breathe fire. [Xom's mischief]
 20945 | Lair:5   | Lost mutation: You have a pair of small horns on your head. [Xom's mischief]
 20995 | Lair:5   | XOM: vitrification
 21020 | Lair:5   | XOM: vitrification
 21278 | Lair:6   | Noticed a seven-headed hydra
 21284 | Lair:6   | XOM: destruction
 21308 | Lair:6   | XOM: god gift: 4 meat rations
 21354 | Lair:6   | Killed a seven-headed hydra
 21404 | Lair:6   | Noticed a four-headed hydra
 21421 | Lair:6   | Killed a four-headed hydra
 21464 | Lair:6   | XOM: polymorph elephant -> guardian serpent
 21478 | Lair:5   | Noticed a catoblepas
 21489 | Lair:5   | XOM: cast spell 'Stoneskin'
 21512 | Lair:5   | XOM: potion effect (berserk rage)
 21514 | Lair:5   | XOM: harmless Erth miscast
 21519 | Lair:5   | Killed a catoblepas
 21602 | Lair:5   | Reached skill level 10 in Evocations
 22003 | Lair:6   | XOM: cast spell 'Flight'
 22060 | Lair:6   | XOM: cast spell 'Stoneskin'
 22234 | Lair:6   | XOM: confuse monster(s)
 22260 | Lair:6   | XOM: fog
 22385 | Lair:6   | Reached skill level 5 in Conjurations
 22594 | Lair:6   | XOM: enchant monster (good)
 22616 | Lair:6   | Reached XP level 13. HP: 47/57 MP: 27/31
 22753 | Lair:6   | XOM: god gift: scroll of teleportation
 22868 | Lair:7   | XOM: enchant monster (good)
 22886 | Lair:7   | XOM: god gift: thick smoking staff {god gift}
 22959 | Lair:7   | XOM: enchant monster (good)
 22992 | Lair:7   | Noticed Snorg
 23001 | Lair:7   | Killed Snorg
 23102 | Lair:7   | XOM: cast spell 'Call Canine Familiar'
 23240 | Lair:7   | XOM: summons friendly white imp
 23371 | Lair:7   | XOM: destruction
 23372 | Lair:7   | XOM: swap monsters
 23469 | Lair:7   | Found a runed door.
 23471 | Lair:7   | Found a viscous altar of Jiyva.
 23473 | Lair:7   | Found a staircase to the Slime Pits.
 23473 | Lair:7   | Noticed an azure jelly
 23550 | Lair:7   | XOM: enchant monster (good)
 23756 | Lair:7   | Noticed an azure jelly
 23756 | Lair:7   | Noticed an azure jelly
 23773 | Lair:8   | Entered Level 8 of the Lair of Beasts
 23775 | Lair:8   | Identified the Reference Book on Hexes (You found it on level 8 of the Lair of Beasts)
 23811 | Lair:8   | Reached skill level 5 in Spellcasting
 23936 | Lair:8   | XOM: summons 5 friendly demons
 23977 | Lair:8   | XOM: cast spell 'Summon Hydra'
 23993 | Lair:8   | XOM: give mutations
 23993 | Lair:8   | Gained mutation: You have a pair of small antennae on your head. [Xom's grace]
 23993 | Lair:8   | Lost mutation: You are clumsy. (Dex -2) [Xom's grace]
 23993 | Lair:8   | Gained mutation: You are somewhat resistant to further mutation. [Xom's grace]
 24089 | Lair:8   | Learned a level 3 spell: Dazzling Spray
 24328 | Lair:8   | XOM: mild Necr miscast
 24387 | Lair:8   | XOM: give mutation
 24387 | Lair:8   | Lost mutation: Your muscles are strong. (Str +2) [Xom's mischief]
 24491 | Lair:8   | XOM: god gift: 8 silver sling bullets
 24546 | Lair:8   | XOM: confuse monster(s)
 24597 | Lair:8   | Reached XP level 14. HP: 61/61 MP: 29/35
 24871 | Lair:8   | XOM: enchant monster (good)
 24886 | Lair:8   | XOM: cast spell 'Death Channel'
 24957 | Lair:8   | XOM: give mutations
 24957 | Lair:8   | Gained mutation: Your spells are harder to cast, but more powerful. [Xom's grace]
 24957 | Lair:8   | Gained mutation: You are agile. (Dex +2) [Xom's grace]
 24957 | Lair:8   | Gained mutation: You can spit moderately strong poison. [Xom's grace]
 24962 | Lair:8   | XOM: divination: detect creatures
 24965 | Lair:8   | XOM: smoke on damage
 24995 | Lair:8   | XOM: vitrification
 25131 | Lair:8   | XOM: god gift: 47 gold pieces
 25193 | Lair:8   | XOM: destruction
 25354 | Lair:8   | XOM: god gift: 9 steel sling bullets
 25393 | Lair:8   | XOM: confuse monster(s)
 25406 | Lair:8   | XOM: summons 8 friendly demons
 25413 | Lair:8   | XOM: potion effect (invisibility)
 25428 | Lair:8   | Reached skill level 15 in Evocations
 25483 | Lair:8   | XOM: potion effect (magic)
 25488 | Lair:8   | XOM: summons 12 friendly demons
 25684 | Snake:1  | Entered Level 1 of the Snake Pit
 25750 | Snake:1  | XOM: summons friendly white imp
 25751 | Snake:1  | XOM: snakes to sticks
 25858 | Snake:1  | XOM: cast spell 'Flight'
 25882 | Snake:1  | XOM: medium Chrm miscast
 25920 | Snake:1  | XOM: harmless Fire miscast
 25972 | Snake:1  | XOM: polymorph naga mage -> komodo dragon
 25978 | Snake:1  | XOM: medium Divn miscast
 25980 | Snake:1  | Reached skill level 5 in Translocations
 26093 | Snake:1  | Noticed Frances
 26371 | Snake:1  | Found a shadowy altar of Dithmenos.
 26425 | Snake:1  | Noticed Sonja
 26426 | Snake:1  | XOM: chaos cloud
 26427 | Snake:1  | Paralysed by you for 6 turns
 26450 | Snake:1  | Killed Sonja
 26475 | Snake:1  | XOM: silly message
 26538 | Snake:1  | XOM: confuse monster(s)
 26575 | Snake:1  | XOM: noise
 26586 | Snake:1  | XOM: colour smoke trail
 26605 | Snake:1  | Killed Frances
 26719 | Snake:1  | XOM: silly message
 27036 | Snake:2  | Noticed Vashnia
 27126 | Snake:2  | XOM: snakes to sticks
 27180 | Snake:2  | XOM: enchant monster (good)
 27185 | Snake:2  | XOM: cast spell 'Discord'
 27194 | Snake:2  | Mangled by a shock serpent
 27195 | Snake:2  | Reached XP level 13. HP: -6/57 MP: 27/35
 27353 | Snake:2  | XOM: confuse monster(s)
 27364 | Snake:2  | XOM: noise
 27366 | Snake:2  | XOM: potion effect (berserk rage)
 27429 | Snake:2  | XOM: summons friendly shadow imp
 27440 | Snake:2  | XOM: enchant monster (good)
 27451 | Snake:2  | XOM: summons friendly shadow imp
 27493 | Snake:2  | Got a clouded turquoise ring
 27495 | Snake:2  | Identified the ring of Plog {Wiz rF+ MR+ Str+4} (You found it on level 2 of the Snake Pit)
 27723 | Snake:2  | XOM: potion effect (might)
 28033 | Snake:3  | XOM: god gift: meat ration
 28071 | Snake:3  | XOM: confuse monster(s)
 28075 | Snake:3  | Reached skill level 17 in Unarmed Combat
 28148 | Snake:3  | Noticed a greater naga
 28155 | Snake:3  | XOM: summons 12 friendly demons
 28165 | Snake:3  | Killed a greater naga
 28165 | Snake:3  | Reached XP level 14. HP: 41/61 MP: 32/36
 28250 | Snake:3  | Noticed a greater naga
 28459 | Snake:4  | XOM: medium Erth miscast
 28472 | Snake:4  | XOM: blink monster(s)
 28576 | Snake:4  | XOM: harmless Air miscast
 28582 | Snake:4  | XOM: medium Tloc miscast
 28625 | Snake:4  | XOM: chaos upgrade
 28654 | Snake:4  | Reached skill level 10 in Translocations
 28777 | Snake:3  | XOM: noise
 28842 | Snake:3  | XOM: scenery: create altars
 29054 | Snake:3  | XOM: divine lightning (protected)
 29088 | Snake:3  | XOM: god gift: 26 stones
 29122 | Snake:3  | XOM: summons 7 hostile demons
 29173 | Snake:4  | XOM: colour smoke trail
 29404 | Snake:4  | XOM: noise
 29412 | Snake:4  | XOM: smoke on damage
 29436 | Snake:4  | XOM: silly message
 29450 | Snake:4  | XOM: noise
 29535 | Snake:4  | XOM: harmless Trmt miscast
 29749 | Snake:4  | XOM: noise
 29789 | Snake:4  | XOM: noise
 29798 | Snake:4  | XOM: divination: detect creatures
 29915 | Snake:4  | XOM: vitrification
 30005 | Snake:4  | XOM: vitrification
 30134 | Snake:2  | XOM: mild Ice miscast
 30210 | Swamp:1  | Entered Level 1 of the Swamp
 30283 | Swamp:1  | XOM: polymorph jumping spider -> moth of wrath
 30583 | Swamp:1  | XOM: enchant monster (good)
 30588 | Swamp:1  | XOM: divination: detect items
 31043 | Swamp:1  | XOM: cast spell 'Olgreb's Toxic Radiance'
 31137 | Swamp:2  | XOM: swap monsters
 31146 | Swamp:2  | XOM: polymorph crocodile -> ice beast
 31212 | Swamp:2  | XOM: fog
 31458 | Swamp:2  | XOM: give mutations
 31458 | Swamp:2  | Lost mutation: Your system is resistant to poisons. [Xom's mischief]
 31458 | Swamp:2  | Lost mutation: Your mind is acute. (Int +2) [Xom's mischief]
 31458 | Swamp:2  | Lost mutation: You are partially covered in icy blue scales (AC +1). [Xom's mischief]
 31458 | Swamp:2  | Lost mutation: Your flesh is heat resistant. [Xom's mischief]
 31522 | Swamp:2  | XOM: confuse monster(s)
 31666 | Swamp:2  | XOM: divination: detect creatures
 31690 | Swamp:2  | Reached XP level 15. HP: 60/67 MP: 30/37
 31784 | Swamp:2  | XOM: god gift: shiny centaur barding {god gift}
 32285 | Swamp:3  | XOM: smoke on damage
 32290 | Swamp:3  | XOM: butterfly on damage
 32292 | Swamp:3  | HP: 2/67 [alligator (17)]
 32306 | Swamp:3  | Identified a scroll of acquirement
 32318 | Swamp:3  | XOM: polymorph butterfly -> adder
 32380 | Swamp:3  | XOM: god gift: 6 needles of frenzy
 32985 | Swamp:3  | XOM: mild Fire miscast
 33062 | Swamp:3  | XOM: summons 2 friendly demons
 33074 | Swamp:3  | XOM: divination: detect creatures
 33345 | Swamp:4  | XOM: fake destruction
 33357 | Swamp:4  | XOM: divine lightning
 33366 | Swamp:5  | Entered Level 5 of the Swamp
 33366 | Swamp:5  | Noticed a thorn hunter
 33597 | Swamp:5  | XOM: god gift: 15 royal jellies
 33629 | Swamp:5  | Killed a thorn hunter
 33833 | Swamp:4  | XOM: enchant monster (good)
 33838 | Swamp:4  | XOM: enchant monster (good)
 33994 | Lair:4   | Killed Nergalle
 34148 | D:11     | XOM: swap monsters
 34177 | D:11     | XOM: potion effect (berserk rage)
 34182 | D:11     | Killed a fire dragon
 34196 | D:11     | XOM: harmless Fire miscast
 34344 | D:12     | Noticed Erica
 34357 | D:12     | Killed Erica
 34578 | D:12     | Found Wuygas' Gadget Emporium.
 34609 | D:12     | XOM: silly message
 34682 | D:10     | XOM: colour smoke trail
 34704 | D:8      | XOM: severe Summ miscast
 34705 | D:8      | Noticed a Hell Sentinel
 34711 | D:9      | XOM: harmless Conj miscast
 34794 | D:8      | XOM: medium Air miscast
 34936 | D:5      | Bought a potion of heal wounds for 70 gold pieces
 34936 | D:5      | Bought a potion of heal wounds for 70 gold pieces
 34936 | D:5      | Bought a potion of haste for 140 gold pieces
 35041 | D:6      | XOM: silly message
 35417 | D:12     | Reached skill level 18 in Unarmed Combat
 35594 | D:12     | XOM: cast spell 'Stoneskin'
 35606 | D:12     | XOM: polymorph orc warrior -> crocodile
 35742 | D:12     | Found an iron altar of Okawaru.
 35756 | D:12     | Shot with an arrow by a centaur warrior

Action                   |  1- 3 |  4- 6 |  7- 9 | 10-12 | 13-15 || total
-------------------------+-------+-------+-------+-------+-------++-------
Melee: Unarmed           |   113 |   141 |   411 |  1390 |  1374 ||  3429
 Cast: Confusing Touch   |       |     3 |    61 |   219 |   127 ||   410
       Confuse           |       |       |    14 |    20 |    43 ||    77
       Shroud of Golubri |       |       |     9 |    75 |    73 ||   157
       Blink             |       |       |     2 |     4 |     5 ||    11
       Repel Missiles    |       |       |     1 |     2 |     3 ||     6
       Conjure Flame     |       |       |       |    56 |    15 ||    71
       Flight            |       |       |       |    11 |    32 ||    43
       Apportation       |       |       |       |    12 |    47 ||    59
       Dazzling Spray    |       |       |       |       |     6 ||     6
 Abil: Spit Poison       |       |       |    33 |    43 |     9 ||    85
       Breathe Fire      |       |       |       |    18 |    16 ||    34
Evoke: Wand              |       |     8 |    10 |    53 |    28 ||    99
       Deck              |       |       |       |     1 |       ||     1
       Sack of spiders   |       |       |       |       |    20 ||    20
       Fan of gales      |       |       |       |       |     4 ||     4
  Use: Scroll            |       |    10 |     5 |    18 |    20 ||    53
       Potion            |       |     2 |       |    11 |    15 ||    28
 Stab: Sleeping          |     9 |    12 |     7 |    34 |    72 ||   134
       Confused          |       |     4 |    27 |   112 |   100 ||   243
       Distracted        |       |       |       |     4 |    10 ||    14
       Fleeing           |       |       |       |     1 |     2 ||     3
       Invisible         |       |       |       |       |     7 ||     7
       Paralysed         |       |       |       |       |     5 ||     5
       Petrifying        |       |       |       |       |     2 ||     2
       Petrified         |       |       |       |       |     1 ||     1
       Held in net/web   |       |       |       |       |     1 ||     1
  Eat: Chunk             |     8 |     5 |    21 |    60 |    46 ||   140
       Pizza             |       |       |       |     2 |     3 ||     5
       Royal jelly       |       |       |       |     1 |       ||     1
